[Event "Early-Titled-Tuesday-Blitz-March-05-2024"]
[Site "Chess.com"]
[Date "2024.03.05"]
[Round "7"]
[White "EvgenyBurmakin"]
[Black "Ralf61"]
[Result "1-0"]
[WhiteElo "2357"]
[BlackElo "2536"]
[TimeControl "180+1"]
[EndTime "9:20:00 PST"]
[Termination "EvgenyBurmakin won on time"]

1. e4 c5 2. Nc3 e6 3. Nf3 Nc6 4. d4 cxd4 5. Nxd4 Qc7 6. Be3 a6 7. a3 b5 8. f3 Bb7 9. Qd2 h5 10.
Qf2 Nf6 11. Nb3 Rc8 12. O-O-O b4 13. axb4 Bxb4 14. Na4 Be7 15. Nb6 Rb8 16. Nc5 Qxb6 17. Nxd7 Qa5 18. Nxb8 Nxb8 19. Kb1 O-O 20. Bc4 Nc6 21.
Bb3 Rc8 22. Bb6 Qb4 23. Rd2 a5 24. Rhd1 a4 25. Ba2 Ne5 26. Bd4 Nc4 27. Bxc4 Qxc4 28. Rd3 Qb5 29. Rc3 Rd8 30. Rcd3 Ra8 31. Bc3 Bc6 32.
Qd4 e5 33. Qxe5 Qb7 34. Qd4 Rd8 35. Qc4 Rb8 36. Rd4 Bb5 37. Qb4 Bxb4 38. Rxb4 Qc6 39. Bxf6 gxf6 40. c3 Re8 41. Rd5 1-0

[Event "Early-Titled-Tuesday-Blitz-March-05-2024"]
[Site "Chess.com"]
[Date "2024.03.05"]
[Round "7"]
[White "SnekkerAndersen"]
[Black "Anton_Demchenko"]
[Result "0-1"]
[WhiteElo "2652"]
[BlackElo "2913"]
[TimeControl "180+1"]
[EndTime "9:20:01 PST"]
[Termination "Anton_Demchenko won by resignation"]

1. d4 Nf6 2. c4 g6 3. Nf3 Bg7 4. Nc3 d6 5. e4 O-O 6. Be2 Nbd7 7.
Be3 e5 8. O-O Re8 9. Qc2 exd4 10.
Nxd4 a6 11. Rad1 c6 12. Rfe1 Qc7 13. Bf1 Ng4 14. Bf4 Nge5 15. Bg3 Nc5 16. b4 Ne6 17. Nb3 g5 18. c5 dxc5 19. Nxc5 Nf4 20. Ne2 Neg6 21. Nd4 h5 22. Nf5 Be5 23. Bc4 Kh7 24.
Qb3 Rf8 25. Qf3 g4 26. Qb3 b6 27. Nd3 Nxd3 28. Bxd3 Be6 29. Bc4 Bxc4 30. Qxc4 Rad8 31.
Rc1 Bxg3 32. hxg3 Qe5 33. Qxc6 Rd2 34. Qxb6 h4 35. gxh4 g3 36. fxg3 Qb2 37. Ne3 Qe5 38. Qc7 Qxe4 39. Rc4 Qe5 40. Qxe5 Nxe5 41. Re4 Nd3 42. Rd1 Rxd1+ 43. Nxd1 Rc8 44. Ne3 Rc1+ 45. Kh2 Nf2 0-1

[Event "Early-Titled-Tuesday-Blitz-March-05-2024"]
[Site "Chess.com"]
[Date "2024.03.05"]
[Round "7"]
[White "C_K_G"]
[Black "AndresDelgado77"]
[Result "0-1"]
[WhiteElo "2156"]
[BlackElo "2300"]
[TimeControl "180+1"]
[EndTime "9:20:01 PST"]
[Termination "AndresDelgado77 won on time"]

1. e4 e6 2. Nf3 d5 3. Nc3 Nf6 4. e5 Nfd7 5. d4 c5 6. Bg5 cxd4 7. Bxd8 dxc3 8. Ba5 cxb2 9. Rb1 Nc6 10. Bc3 Ba3 11. Bxb2 Bb4+ 12. c3 Be7 13. Bb5 O-O 14. Bxc6 bxc6 15.
O-O Ba6 16. Re1 Nb6 17. Nd4 Rfc8 18. Bc1 Bc4 19. a3 Rab8 20. Qg4 Bf8 21. Bh6 c5 22. Nf3 Bd3 23. Rb2 Bf5 24. Qg3 Na4 25. Rxb8 Rxb8 26.
Nh4 Be4 27. c4 Nb2 28. cxd5 Bxd5 29. Be3 Rb3 30. Qf4 Nd3 31. Qa4 Nxe1 32. h3 Rb1 33.
Kh2 Nd3 34. Qxa7 g6 35. a4 Kg7 36. Nf3 Be7 37. a5 Ra1 0-1

[Event "Early-Titled-Tuesday-Blitz-March-05-2024"]
[Site "Chess.com"]
[Date "2024.03.05"]
[Round "7"]
[White "Salem-AR"]
[Black "KhalilMousavi98"]
[Result "0-1"]
[WhiteElo "3017"]
[BlackElo "2836"]
[TimeControl "180+1"]
[EndTime "9:20:02 PST"]
[Termination "KhalilMousavi98 won by resignation"]

1. d4 Nf6 2. Nf3 d5 3. Bf4 g6 4.
e3 Bg7 5. c3 O-O 6. Nbd2 Nfd7 7.
h4 c5 8. h5 Nc6 9. hxg6 hxg6 10. Qa4 Qb6 11. Qb5 e5 12. dxe5 Ndxe5 13. a4 Rd8 14. a5 Qxb5 15. Bxb5 d4 16. Ke2 Bg4 17.
a6 b6 18. Rh4 dxc3 19. bxc3 Rxd2+ 20. Kxd2 Nxf3+ 21. gxf3 Bxf3 22. Bg3 Rd8+ 23. Kc2 Nb4+ 24. Kb3 Nd5 25. Bc4 b5 26. Bxd5 Bxd5+ 27. Kc2 b4 28. Ra5 b3+ 29. Kb2 Be6 30. Rxc5 Rd2+ 31. Kb1 Rd1+ 32.
Kb2 Rd2+ 33. Kc1 b2+ 34. Kb1 Bf5+ 35. e4 Be6 36. Rb5 Bxc3 37. Be5 Rd1+ 38. Kc2 Rc1+ 39. Kd3 Bxe5 0-1

[Event "Early-Titled-Tuesday-Blitz-March-05-2024"]
[Site "Chess.com"]
[Date "2024.03.05"]
[Round "7"]
[White "AldokhinIvan"]
[Black "thesupera12"]
[Result "0-1"]
[WhiteElo "2653"]
[BlackElo "2501"]
[TimeControl "180+1"]
[EndTime "9:20:03 PST"]
[Termination "thesupera12 won on time"]

1. e4 c5 2. Nf3 e6 3. d4 cxd4 4. Nxd4 Qb6 5. Nb3 Nf6 6. Be3 Qc7 7. Bd3 Nc6 8. Nc3 Be7 9. f4 d6 10. Qf3 a6 11. g4 b5 12. g5 Nd7 13. h4 Bb7 14. O-O-O O-O-O 15. Qf2 Nc5 16. Kb1 Nb4 17. Nxc5 dxc5 18. a3 Nxd3 19. cxd3 Rd7 20. Ne2 Rhd8 21.
Rc1 c4 22. Bb6 Qc6 23. Bxd8 Bxd8 24. Ng3 Rxd3 25. Rhd1 Bb6 26. Qh2 Rf3 27. Rf1 Rb3 28. Qg2 Bd4 29. Rc2 Qc5 30. Rd1 Rxg3 31. Qxg3 Bxe4 32.
Qg4 Bf5 33. Qe2 c3 34. Ka2 Qd5+ 35. b3 Bxc2 36. Qxc2 Qc5 37. Rd3 f6 38. Rd1 e5 39.
Qf5+ Kb8 40. Qc2 exf4 41. gxf6 Bxf6 42. Qd3 Qf2+ 0-1

[Event "Early-Titled-Tuesday-Blitz-March-05-2024"]
[Site "Chess.com"]
[Date "2024.03.05"]
[Round "7"]
[White "cristiano78"]
[Black "HajiyevKanan"]
[Result "1/2-1/2"]
[WhiteElo "2283"]
[BlackElo "2519"]
[TimeControl "180+1"]
[EndTime "9:20:03 PST"]
[Termination "Game drawn by repetition"]

1. d4 d5 2. c4 c6 3. Nf3 Nf6 4. Nc3 a6 5. e3 Bf5 6. Bd3 Bxd3 7. Qxd3 e6 8. O-O Bb4 9. Bd2 O-O 10. Nxd5 Nxd5 11.
cxd5 Bxd2 12. Qxd2 exd5 13. Ne5 Nd7 14. Nxd7 Qxd7 15.
b4 f5 16. a4 b5 17. axb5 axb5 18. Qc3 Qd6 19. Qc5 Qxc5 20. bxc5 g5 21. g3 Kf7 22. Kg2 h5 23. Kf3 Ke6 24. Ke2 Kd7 25. Kd3 Kc7 26. f3 Rfe8 27. Rfe1 Rxa1 28. Rxa1 Kb7 29. Kd2 Ra8 30.
Rxa8 Kxa8 31. Kd3 Kb7 32. e4 fxe4+ 33. fxe4 dxe4+ 34. Kxe4 g4 35. d5 cxd5+ 36. Kxd5 Kc7 37. Ke5 Kc6 38. Kd4 b4 39. Kc4 b3 40. Kxb3 Kxc5 41.
Kc3 Kd5 42. Kd3 Ke5 43. Ke3 Kf5 44. Kd4 h4 45. Kd5 hxg3 46. hxg3 Kf6 47. Ke4 Kg5 48. Ke5 Kg6 49. Kf4 Kf6 50. Kxg4 Kg6 51. Kf4 Kf6 52. g4 Kg6 53. g5 Kg7 54. Kf5 Kf7 55. g6+ Kg7 56.
Kg5 Kg8 57. Kf5 Kg7 58. Kg5 Kg8 59. Kf6 Kf8 60. Kf5 Kg7 1/2-1/2

[Event "Early-Titled-Tuesday-Blitz-March-05-2024"]
[Site "Chess.com"]
[Date "2024.03.05"]
[Round "7"]
[White "rhungaski"]
[Black "Msb2"]
[Result "0-1"]
[WhiteElo "2592"]
[BlackElo "3007"]
[TimeControl "180+1"]
[EndTime "9:20:04 PST"]
[Termination "Msb2 won by resignation"]

1. e4 e6 2. d4 d6 3. Nc3 g6 4. h4 h6 5. Be3 Bg7 6. Qd2 a6 7. O-O-O b5 8. Kb1 Nd7 9. Nh3 Nb6 10. Bd3 Rb8 11. Ka1 c6 12. h5 g5 13. f4 gxf4 14.
Nxf4 Nf6 15. e5 Ng4 16. Ne4 dxe5 17. dxe5 Bxe5 18. Bc5 Na4 19. Qe2 f5 20. Nd6+ Bxd6 21. Bxf5 Nxc5 22. Qxg4 Qg5 23. Rxd6 Qxf5 24. Qg7 Qf8 25. Qe5 Rg8 26. Rxc6 Nd7 27. Rxe6+ Kd8 28. Qd4 Qc5 29. Qd2 Rb6 30. Rg6 Rbxg6 31. hxg6 Qc6 32. Re1 Kc7 33. Re6 Qc5 34. b4 Qc4 35. Qd6+ Kb7 36. Re7 Qc6 37. Qd4 Kb8 38. Nd5 Rxg6 39. Qf4+ Qd6 40. Qd4 Re6 41. Rg7 Qe5 42. Qc3 Qxc3+ 43.
Nxc3 Nb6 44. Kb2 Nc4+ 45. Kb3 Re3 46. Rg8 Kc7 47. a4 Be6 48. Rg7+ Kd6 49. axb5 axb5 50. Ka2 Rxc3 0-1

[Event "Early-Titled-Tuesday-Blitz-March-05-2024"]
[Site "Chess.com"]
[Date "2024.03.05"]
[Round "7"]
[White "Hamisandwich"]
[Black "XDPS"]
[Result "0-1"]
[WhiteElo "2641"]
[BlackElo "2913"]
[TimeControl "180+1"]
[EndTime "9:20:05 PST"]
[Termination "XDPS won by resignation"]

1. a3 g6 2. d4 Bg7 3. c3 d6 4. e4 a6 5. Nf3 b6 6. Bd3 Bb7 7. O-O Nd7 8. Re1 e6 9. h3 h6 10. Bf4 Ne7 11. Bh2 g5 12. Nbd2 Ng6 13. Nf1 h5 14.
N3d2 g4 15. hxg4 hxg4 16. Qxg4 Nf6 17. Qd1 Nh5 18. Qg4 Nf6 19. Qd1 Qe7 20. a4 Nh5 21. Qg4 O-O-O 22. a5 b5 23. e5 dxe5 24. Bxg6 fxg6 25.
Bxe5 Kb8 26. Bh2 e5 27. Ne4 exd4 28. Nd6 Qd7 29. Qxd7 Rxd7 30. Nxb7 Kxb7 31. Rad1 Rhd8 32. cxd4 Bxd4 33. Rd2 c5 34. Re6 g5 35. Rb6+ Ka7 36.
Re2 c4 37. Rg6 Nf4 38. Bxf4 gxf4 39. Ree6 Kb7 40. Rxa6 Re8 41. Rac6 Re2 42. a6+ Ka7 43. Nh2 Rxf2 44. Kh1 Bxb2 45. Nf3 Rf1+ 46. Kh2 Rh7+ 47. Rh6 Rxh6+ 48. Rxh6 c3 49. Rc6 Rxf3 50. gxf3 b4 51. Kh3 b3 52. Kg4 c2 53. Kxf4 0-1

[Event "Early-Titled-Tuesday-Blitz-March-05-2024"]
[Site "Chess.com"]
[Date "2024.03.05"]
[Round "7"]
[White "ChessBrainiacOnTwitch"]
[Black "xakevicius91"]
[Result "1-0"]
[WhiteElo "2823"]
[BlackElo "2569"]
[TimeControl "180+1"]
[EndTime "9:20:05 PST"]
[Termination "ChessBrainiacOnTwitch won on time"]

1. Nf3 Nf6 2. g3 b6 3. Bg2 Bb7 4. O-O e6 5. d3 Be7 6. e4 c5 7. e5 Nd5 8. Re1 Nc6 9. Nbd2 d6 10. exd6 Bxd6 11. Nc4 Be7 12. a4 O-O 13. Bd2 Bf6 14. Nfe5 Nxe5 15. Nxe5 Qc7 16. Qe2 Rad8 17. Nc4 Ne7 18.
Bf4 Qd7 19. Be4 Ng6 20. Bd6 Be7 21. Bxe7 Qxe7 22. h4 Bxe4 23. dxe4 Qf6 24. e5 Qf5 25. h5 Ne7 26. h6 gxh6 27. Nd6 Qg6 28. Rad1 Rd7 29. Ne4 Rxd1 30. Nf6+ Kg7 31. Rxd1 Nf5 32. c3 Ne7 33. Rd7 Nc6 34. Nh5+ Kg8 35. f4 Rd8 36. Nf6+ Kg7 37. Rxd8 Nxd8 38. Qf3 Qb1+ 39. Kh2 Qxb2+ 40. Kh3 Qc2 41. Qa8 Qd1 42. Qe4 Kf8 43. Nxh7+ Ke7 44.
Nf6 h5 45. Kh4 a6 46. Kg5 b5 47. axb5 axb5 48. Nxh5 Qd2 49. Qa8 Qxc3 50. Qa7+ Kf8 51. Qd7 Qd4 52. Qc7 b4 53. Kf6 1-0

[Event "Early-Titled-Tuesday-Blitz-March-05-2024"]
[Site "Chess.com"]
[Date "2024.03.05"]
[Round "7"]
[White "HansOnTwitch"]
[Black "viviania"]
[Result "1-0"]
[WhiteElo "3114"]
[BlackElo "2894"]
[TimeControl "180+1"]
[EndTime "9:20:06 PST"]
[Termination "HansOnTwitch won on time"]

1. c4 e6 2. Nc3 f5 3. d4 Nf6 4. a3 g6 5. g3 Bg7 6. Bg2 O-O 7. Nf3 Ne4 8. Qc2 Nxc3 9. Qxc3 d6 10. Bg5 Qe8 11. Qd2 e5 12. Bh6 e4 13. Ng1 Nd7 14. Bxg7 Kxg7 15. h4 Nf6 16. Nh3 Qe7 17. Nf4 Bd7 18. e3 Be8 19. Bf1 Bf7 20. Be2 c6 21. a4 a5 22. Qc3 h6 23. Kd2 d5 24. b3 Rfd8 25. cxd5 Nxd5 26. Nxd5 Rxd5 27. Rhc1 c5 28. Bc4 cxd4 29. exd4 Rd7 30. Ke1 Bd5 31. Qe3 Rad8 32. Rd1 b6 33. Kf1 Qf6 34. Rac1 g5 35.
Bxd5 Rxd5 36. Rc7+ Kg6 37. Kg2 Rxd4 38. h5+ Kxh5 39.
Rh1+ Kg6 40. Qe2 g4 41. Qe3 Qg5 42. Qc3 Qf6 43. Qc1 Rd2 44. Qe1 1-0

[Event "Early-Titled-Tuesday-Blitz-March-05-2024"]
[Site "Chess.com"]
[Date "2024.03.05"]
[Round "7"]
[White "GMKrikor"]
[Black "SahibSinghKnight"]
[Result "1-0"]
[WhiteElo "2857"]
[BlackElo "2577"]
[TimeControl "180+1"]
[EndTime "9:20:06 PST"]
[Termination "GMKrikor won by resignation"]

1. Nf3 Nf6 2. c4 e6 3. Nc3 d5 4.
d4 Be7 5. cxd5 exd5 6. Bf4 O-O 7.
h3 Re8 8. e3 Bd6 9. Bxd6 Qxd6 10. Qb3 b6 11. Rc1 c5 12. Qa3 Qe7 13. Na4 c4 14. Qxe7 Rxe7 15. Nc3 a6 16. a4 Nc6 17.
b3 cxb3 18. Rb1 Na5 19. Bd3 Bd7 20. Kd2 Be8 21. Ne5 Rb7 22. g4 h6 23. h4 b5 24.
axb5 axb5 25. g5 b4 26. gxf6 bxc3+ 27. Kxc3 gxf6 28. Ng4 Rc8+ 29. Kd2 Rb6 30. Nxh6+ Kg7 31. Nf5+ Kf8 32. h5 Nc4+ 33. Bxc4 dxc4 34. Kc3 Bd7 35. Ng3 f5 36. h6 Kg8 37. Rbg1 Kh7 38. Nh5 Rg6 39.
Nf4 Rxg1 40. Rxg1 Kxh6 41. Nd5 Be6 42. Nb6 Ra8 43. Nxa8 f4 44. Nb6 Bf5 45. Nd5 1-0

[Event "Early-Titled-Tuesday-Blitz-March-05-2024"]
[Site "Chess.com"]
[Date "2024.03.05"]
[Round "7"]
[White "AlexTruskavetsky"]
[Black "whiteglovethief"]
[Result "1/2-1/2"]
[WhiteElo "2699"]
[BlackElo "2505"]
[TimeControl "180+1"]
[EndTime "9:20:07 PST"]
[Termination "Game drawn by repetition"]

1. d4 d5 2. c4 e6 3. Nc3 a6 4.
cxd5 exd5 5. f3 Nf6 6. Bg5 Be7 7. e3 O-O 8. Bd3 h6 9. Bh4 c5 10. Nge2 Nc6 11. O-O b5 12. Rc1 c4 13. Bb1 b4 14.
Bxf6 Bxf6 15. Nxd5 Qxd5 16. Be4 Qb5 17. a4 Qb6 18.
Rxc4 Bb7 19. Qc2 Na5 20. Rc5 Bxe4 21. fxe4 Bg5 22. Qd3 Nb7 23. Rcf5 Nd6 24. Rd5 Rad8 25. Ng3 Qc6 26. Rc5 Qxa4 27. e5 Nb5 28. Ne4 Be7 29. Rcc1 Qa2 30. b3 Nc3 31. Nd2 Qa5 32. Nc4 Qd5 33.
Ra1 Ra8 34. Nb6 Qxb3 35. Nxa8 Rxa8 36. Rxa6 Rxa6 37. Qxa6 Qc2 38. e6 fxe6 39. Qxe6+ Kh7 40. Qxe7 b3 41. Qe5 b2 42. e4 b1=Q 43. Qf5+ Kh8 44. Qf8+ Kh7 45. Qf5+ Kh8 46. Qf8+ Kh7 47. Qf5+ 1/2-1/2

[Event "Early-Titled-Tuesday-Blitz-March-05-2024"]
[Site "Chess.com"]
[Date "2024.03.05"]
[Round "7"]
[White "crazy_m_attack"]
[Black "BilicVladimir"]
[Result "0-1"]
[WhiteElo "2486"]
[BlackElo "2619"]
[TimeControl "180+1"]
[EndTime "9:20:07 PST"]
[Termination "BilicVladimir won on time"]

1. e4 c6 2. d4 d5 3. Nc3 dxe4 4. Nxe4 Nd7 5. Bc4 Ndf6 6. Ng5 Nd5 7. Ne2 h6 8. Nf3 Bf5 9. Bb3 e6 10. O-O Ngf6 11.
c4 Nc7 12. h3 Be7 13. Ng3 Bh7 14. Re1 O-O 15. Bf4 a5 16. a3 Nce8 17. Qd2 Nd6 18. Rad1 Nf5 19. Nxf5 Bxf5 20. Bc2 Bxc2 21. Qxc2 Re8 22.
Ne5 Qb6 23. Rd3 Rad8 24. Red1 Nd7 25. Rg3 Nxe5 26. Bxe5 Bf8 27. Qe4 Qxb2 28. Bxg7 Bxg7 29. Qg4 Kf8 30. Qxg7+ Ke7 31. Rf3 Rf8 32. Qe5 Qc2 33.
Qc5+ Ke8 34. Rdd3 Qc1+ 35. Kh2 Qg5 36. Qb6 Rd7 37. Qa7 Ke7 38. Qb6 Ra8 39. g3 Ra6 40.
Qb2 b5 41. cxb5 Qxb5 42. Qe2 Qd5 43. Qe3 Rb6 44. Qxh6 Rb1 45. Qf6+ Ke8 46. Qh8+ Ke7 47. Qf6+ Kd6 48. Qf4+ Ke7 49. Qxf7+ Kd8 50. Qf8+ Kc7 51.
Qf4+ Kb7 52. Rde3 Qc4 53. Kg2 Qf1+ 0-1

[Event "Early-Titled-Tuesday-Blitz-March-05-2024"]
[Site "Chess.com"]
[Date "2024.03.05"]
[Round "7"]
[White "eagleclaw07"]
[Black "MarijaKuznecova"]
[Result "1-0"]
[WhiteElo "2830"]
[BlackElo "2365"]
[TimeControl "180+1"]
[EndTime "9:20:08 PST"]
[Termination "eagleclaw07 won by resignation"]

1. e4 c5 2. Nf3 d6 3. d4 cxd4 4.
Nxd4 Nf6 5. Nc3 a6 6. Be2 e5 7.
Nb3 Be7 8. O-O O-O 9. Be3 Be6 10.
Bf3 b5 11. a3 Nbd7 12. Qd2 Rc8 13. Rfd1 Nb6 14. Qe1 Nc4 15. Bc1 Qb6 16. Be2 Rfd8 17. Bxc4 bxc4 18. Nd2 d5 19. exd5 Nxd5 20. Nxd5 Rxd5 21.
Nf1 Rcd8 22. Rxd5 Rxd5 23. Ne3 Rd8 24. h3 f5 25. Rb1 f4 26. Nf1 Bc5 27. Bd2 Bf5 28.
Qxe5 Bxf2+ 29. Kh1 Bxc2 30. Rc1 Bd3 31. Bxf4 Bd4 32.
Qg5 Bxb2 33. Re1 Qf6 34. Qg4 Bc3 35. Rc1 Bb2 36. Rd1 Bxf1 37. Rxf1 Rf8 38. Rf3 Qf5 39. Qg3 Qd7 40. Kh2 c3 41. Be5 Rxf3 42. Qxf3 Qe7 43. Qd5+ Kf8 44. Bd6 c2 45. Bxe7+ Kxe7 46. Qe4+ Kf6 47.
Qxc2 Bxa3 48. Qc3+ 1-0

[Event "Early-Titled-Tuesday-Blitz-March-05-2024"]
[Site "Chess.com"]
[Date "2024.03.05"]
[Round "7"]
[White "Jumbo"]
[Black "CarlosjPineror"]
[Result "0-1"]
[WhiteElo "2923"]
[BlackElo "2747"]
[TimeControl "180+1"]
[EndTime "9:20:09 PST"]
[Termination "CarlosjPineror won by checkmate"]

1. d4 Nf6 2. Nf3 e6 3. Bf4 b6 4.
e3 Bb7 5. Bd3 Nh5 6. Bg5 Be7 7.
Bxe7 Qxe7 8. a4 a6 9. Nbd2 d6 10. Qe2 Nd7 11. g4 Nhf6 12. g5 Nd5 13. c3 e5 14. Rg1 a5 15. h4 O-O-O 16. Ba6 Kb8 17. Bxb7 Kxb7 18. Qc4 c6 19. O-O-O e4 20. Ne1 Nc7 21.
Nc2 d5 22. Qe2 g6 23. f3 exf3 24. Qxf3 f5 25. gxf6 Qxf6 26. Qh3 Qe6 27. Qxe6 Nxe6 28. e4 Rdf8 29. exd5 cxd5 30. Rde1 Rf6 31. Ne3 Nc7 32. Ng4 Rf7 33. Nh6 Rg7 34. Nf5 Rgg8 35. Re7 Kc6 36. Nh6 Re8 37. Rge1 Rhf8 38. Kc2 Nf6 39. Nf3 Ne4 40.
Ne5+ Kb7 41. Rxh7 Rf2+ 42. Kb3 Nd2+ 43. Ka2 Nc4 44. Nxc4 Rxe1 45. Nd6+ Kc6 46. Nhf7 Ree2 47. Ne5+ Kxd6 48. Rd7+ Ke6 49. Rxc7 Rxb2+ 50. Ka3 Ra2+ 51. Kb3 Rfb2# 0-1

[Event "Early-Titled-Tuesday-Blitz-March-05-2024"]
[Site "Chess.com"]
[Date "2024.03.05"]
[Round "7"]
[White "arenal72"]
[Black "scarabee43"]
[Result "1/2-1/2"]
[WhiteElo "2643"]
[BlackElo "2877"]
[TimeControl "180+1"]
[EndTime "9:20:09 PST"]
[Termination "Game drawn by repetition"]

1. Nf3 d5 2. g3 Nf6 3. Bg2 e6 4. O-O Be7 5. d3 O-O 6. c4 b6 7. b3 Bb7 8. Bb2 c5 9. e3 Nc6 10. Qe2 dxc4 11. dxc4 Qc7 12. Nc3 Rad8 13. Rfd1 Qb8 14.
h3 h6 15. Rxd8 Rxd8 16. Rd1 Nb4 17. a3 Nc6 18. Rxd8+ Qxd8 19. Ne5 Qa8 20. Nxc6 Bxc6 21. Bxc6 Qxc6 22. Qd3 Qf3 23. Qe2 Qf5 24. Kg2 h5 25. e4 Qg6 26. e5 Nh7 27. Qe4 Qh6 28.
f4 h4 29. g4 g6 30. Qa8+ Bf8 31. Bc1 g5 32. fxg5 Qg6 33. Qe4 Kg7 34. Qxg6+ Kxg6 35. Ne4 Bg7 36. Bf4 Nf8 37. Nf6 Nh7 38. Nxh7 Kxh7 39. Kf3 Kg6 40. Ke4 Bf8 41. Bd2 Be7 42.
Bc1 a6 43. a4 Bd8 44. Be3 a5 45. Bd2 Be7 46. Bc1 Bd8 47. Be3 Be7 48. Bf4 Bxg5 49. Bxg5 Kxg5 50. Ke3 Kh6 51. Kf3 Kg5 52. Ke4 Kh6 53. Kf4 Kg6 54. Ke4 Kg5 55. Ke3 Kh6 56. Ke2 Kg7 57. Kf3 Kg6 58. Kf4 Kh6 59. Ke3 Kh7 60.
Kd3 Kg7 61. Ke2 Kh6 62. Kf3 Kg6 63. Kf4 Kh6 64. Ke4 Kg5 1/2-1/2

[Event "Early-Titled-Tuesday-Blitz-March-05-2024"]
[Site "Chess.com"]
[Date "2024.03.05"]
[Round "7"]
[White "Willi_Skibbe"]
[Black "shirovin"]
[Result "1-0"]
[WhiteElo "2302"]
[BlackElo "2062"]
[TimeControl "180+1"]
[EndTime "9:20:09 PST"]
[Termination "Willi_Skibbe won on time"]

1. d4 Nf6 2. Nf3 g6 3. Nbd2 d5 4. e3 Bg7 5. b4 a5 6. b5 c5 7.
bxc6 bxc6 8. Nb3 a4 9. Nc5 Nbd7 10. Nxd7 Bxd7 11. Ba3 O-O 12. Be2 Ne4 13. O-O Nc3 14. Qd2 Nxe2+ 15. Qxe2 Re8 16. Ne5 f6 17. Nd3 e5 18. c3 Bc8 19. Nc5 f5 20. Qc2 f4 21.
Bb4 Bf5 22. Qb2 f3 23. gxf3 Bh3 24.
Kh1 Bxf1 25. Rxf1 Qh4 26. Rg1 Qh5 27. Rg3 Rf8 28. Qe2 Rf5 29. Nd7 Rd8 30. Nb6 e4 31. Nxa4 Rxf3 32. Rxf3 exf3 33. Qf1 Bf8 34. Bxf8 Rxf8 35.
Nb6 Qf5 36. a4 Qc2 37. c4 dxc4 38. Qxc4+ Qxc4 39. Nxc4 Ra8 40. a5 Ra6 41. h4 Kf7 42.
Kh2 Ke6 43. Kg3 Kd5 44. Nb6+ Kd6 45. Nc4+ Kd5 46. Nb6+ Ke4 47. Nc4 Ra8 48. Kg4 Rb8 49.
Ne5 Rb5 50. Nxc6 1-0

[Event "Early-Titled-Tuesday-Blitz-March-05-2024"]
[Site "Chess.com"]
[Date "2024.03.05"]
[Round "7"]
[White "Goryachkina"]
[Black "NewYearGirl"]
[Result "1-0"]
[WhiteElo "2690"]
[BlackElo "2393"]
[TimeControl "180+1"]
[EndTime "9:20:10 PST"]
[Termination "Goryachkina won by resignation"]

1. e4 c5 2. Nf3 d6 3. d4 cxd4 4. Nxd4 Nf6 5. Nc3 g6 6. Be2 Bg7 7. O-O O-O 8. Be3 Nc6 9. f3 Nxd4 10. Bxd4 Bd7 11. a4 Bc6 12. a5 Nd7 13. Bxg7 Kxg7 14.
Qd4+ Kg8 15. Kh1 b6 16. a6 Nc5 17. Bc4 Rc8 18. Rad1 Qe8 19. Rd2 Na4 20. Nd5 b5 21.
Ba2 Bxd5 22. Bxd5 Nb6 23. Bb3 Qc6 24. f4 Qc5 25. f5 Qxd4 26. Rxd4 Nc4 27. Rb1 Rc6 28. Rd5 Rb8 29. h3 Rxa6 30. fxg6 hxg6 31. Rxb5 Rxb5 32. Bxc4 Rab6 33. Bxb5 Rxb5 34. b4 a5 35. c3 axb4 36. cxb4 Kg7 37. Kg1 Kf6 38. Kf2 Ke5 39.
Ke3 g5 40. g3 e6 41. h4 gxh4 42. gxh4 Kf6 43. Kd4 d5 44. exd5 Rxd5+ 45. Kc4 Rh5 46. b5 Rxh4+ 47. Kc5 e5 48. b6 Rh8 49. Kd6 e4 50. b7 Kf5 51. b8=Q Rxb8 52. Rxb8 e3 53.
Re8 Kf4 54. Kd5 Kf3 55. Kd4 e2 56. Kd3 1-0

[Event "Early-Titled-Tuesday-Blitz-March-05-2024"]
[Site "Chess.com"]
[Date "2024.03.05"]
[Round "7"]
[White "StrackedAktonamee"]
[Black "profedechess93"]
[Result "1-0"]
[WhiteElo "2500"]
[BlackElo "2632"]
[TimeControl "180+1"]
[EndTime "9:20:10 PST"]
[Termination "StrackedAktonamee won by resignation"]

1. e4 e6 2. d4 d5 3. Nc3 Nf6 4. Bg5 Be7 5. e5 Nfd7 6. Bxe7 Qxe7 7. f4 a6 8. Qg4 O-O 9. Nf3 f5 10. exf6 Nxf6 11. Qg3 c5 12. O-O-O Nc6 13. Qe1 c4 14. g4 b5 15. g5 Nh5 16. Ne5 Bb7 17. Be2 Nxf4 18.
Bg4 Qxg5 19. h4 Nd3+ 20. Kb1 Qxg4 21. cxd3 Qh5 22. Nxc6 b4 23. Nxb4 a5 24. Qxe6+ Kh8 25. Nc2 cxd3 26. Rxd3 Bc8 27. Qe1 Bf5 28. Rd2 a4 29.
Ka1 a3 30. b3 Rfc8 31. Qe3 Qg6 32. Rc1 Qc6 33. Nb4 Qb7 34. Nbxd5 Re8 35. Qf4 Be6 36. Ne3 Bxb3 37. axb3 Rf8 38. Qe4 Qxb3 39. Qc2 Qb4 40. h5 Rac8 41. Ned5 Qd6 42. h6 g6 43. Qe4 Rfe8 44. Qd3 Rc6 45. Re2 Rec8 46. Qe3 1-0

[Event "Early-Titled-Tuesday-Blitz-March-05-2024"]
[Site "Chess.com"]
[Date "2024.03.05"]
[Round "7"]
[White "Pedrada88"]
[Black "corvachesky"]
[Result "0-1"]
[WhiteElo "2545"]
[BlackElo "2474"]
[TimeControl "180+1"]
[EndTime "9:20:10 PST"]
[Termination "corvachesky won by checkmate"]

1. e4 c6 2. d4 d5 3. e5 c5 4.
dxc5 e6 5. Nf3 Bxc5 6. c3 Nc6 7. Bf4 Nge7 8. b4 Bb6 9. b5 Na5 10. h4 Ng6 11. Bg3 Bd7 12. h5 Ne7 13. h6 g6 14. Bh4 Qc7 15. Bf6 Rg8 16. Ng5 Qc5 17.
Qf3 Nf5 18. g4 d4 19. gxf5 gxf5 20. c4 Nxc4 21. Bxc4 Qxc4 22. Nd2 Qxb5 23. Rb1 Qc6 24. Rh4 Qc2 25. Qb3 Rc8 26. Qxc2 Rxc2 27. Rxb6 axb6 28.
Rxd4 Rg6 29. Nxf7 Rg1+ 30. Ke2 Bb5+ 31. Rd3 Kxf7 32. Ke3 Bxd3 33. Kxd3 Rxd2+ 34. Kxd2 Ra1 35. f4 Rxa2+ 36. Kc3 Ra4 37. Bg5 b5 38. Kb3 Rc4 39. Ka3 Ke8 40. Kb3 Kd7 41. Ka3 Kc6 42. Kb3 Ra4 43.
Kc3 Kd5 44. Kb3 Re4 45. Kc3 b4+ 46. Kb3 Kc5 47. Be7+ Kb5 48. Bg5 Re3+ 49. Kc2 Kc4 50. Kd2 Rh3 51. Kc2 b3+ 52. Kb2 Rh2+ 53. Kc1 Kc3 54. Bd8 Rh1# 0-1

[Event "Early-Titled-Tuesday-Blitz-March-05-2024"]
[Site "Chess.com"]
[Date "2024.03.05"]
[Round "7"]
[White "ploxoi"]
[Black "chucksterf10"]
[Result "0-1"]
[WhiteElo "2445"]
[BlackElo "2581"]
[TimeControl "180+1"]
[EndTime "9:20:11 PST"]
[Termination "chucksterf10 won by resignation"]

1. d4 a6 2. c4 Nf6 3. Nc3 c5 4. Nf3 cxd4 5. Nxd4 g6 6. e4 Nc6 7. Be3 Bg7 8. Be2 O-O 9. O-O d6 10. f3 Bd7 11. Qd2 Rc8 12. Rac1 Nxd4 13. Bxd4 Qa5 14.
Rfd1 Qc7 15. Nd5 Nxd5 16. Bxg7 Kxg7 17. cxd5 Qb6+ 18. Kf1 Bb5 19. b3 h5 20. Rc3 h4 21.
Rdc1 Rxc3 22. Qxc3+ Kg8 23. Rc2 a5 24. a4 Bxe2+ 25.
Rxe2 Qa6 26. Kf2 b6 27. Rc2 Kh7 28. Qc4 Qa7 29. Qc7 Qa6 30. Qxe7 Qd3 31. Re2 Qd4+ 32. Kf1 Kg7 33. Qc7 h3 34. g3 Qd3 35. Kf2 Qxb3 36. Qc6 Qb4 37. Re3 f5 38. exf5 Qd2+ 39. Re2 Qd4+ 40.
Kf1 Rxf5 41. Qd7+ Kh6 42. f4 Qd3 43. Kf2 Qd4+ 44. Kf1 Qd1+ 45. Kf2 Rxd5 46. Qxh3+ Rh5 47. Qg2 Qd4+ 48. Kf1 Rc5 49. Qf3 Qd1+ 50. Kg2 Rc1 51. h4 Qh1+ 52. Kf2 Rf1+ 0-1

[Event "Early-Titled-Tuesday-Blitz-March-05-2024"]
[Site "Chess.com"]
[Date "2024.03.05"]
[Round "7"]
[White "LiamPutnam2008"]
[Black "WilsonPalencia21"]
[Result "1-0"]
[WhiteElo "2892"]
[BlackElo "2583"]
[TimeControl "180+1"]
[EndTime "9:20:12 PST"]
[Termination "LiamPutnam2008 won by checkmate"]

1. e4 c5 2. Nf3 d6 3. d4 cxd4 4. Nxd4 Nf6 5. Nc3 g6 6. Be3 Bg7 7. f3 O-O 8. Qd2 Nc6 9. O-O-O Nxd4 10. Bxd4 Be6 11. Kb1 Qc7 12. g4 Rfc8 13. h4 Qa5 14. a3 Rab8 15. h5 b5 16. hxg6 fxg6 17. Bxf6 Bxf6 18. Nd5 Qxd2 19. Nxf6+ exf6 20. Rxd2 Rb6 21. Be2 g5 22. Rhd1 Rd8 23. Rd4 Kf8 24. Rb4 Rdb8 25. Rh1 Bg8 26. b3 a5 27. Rd4 b4 28. axb4 axb4 29. Kb2 Ra8 30. Rhd1 Rd8 31. Ra1 Bf7 32. Ra7 h5 33. gxh5 Bxh5 34. Rc4 Rbb8 35. Rcc7 Ra8 36. Rxa8 Rxa8 37. Rh7 Bf7 38. Rh8+ Bg8 39.
Bc4 Kg7 40. Rxg8+ Rxg8 41. Bxg8 Kxg8 42. c3 bxc3+ 43. Kxc3 Kf7 44. Kd4 Ke6 45. b4 Kd7 46. Kd5 Kc7 47. b5 Kb6 48. Kxd6 Kxb5 49. Ke6 g4 50. fxg4 Kc4 51. Kxf6 Kd4 52. e5 Ke4 53. e6 Kf4 54. g5 Kg4 55. e7 Kf4 56. e8=Q Kg4 57.
Qe4+ Kg3 58. g6 Kf2 59. g7 Kf1 60. g8=Q Kf2 61. Qgg4 Kf1 62. Qge2+ Kg1 63. Q4c2 Kh1 64. Kg5 Kg1 65. Kf4 Kh1 66. Kg3 Kg1 67. Qed2 Kf1 68. Qb2 Kg1 69. Qdc2 Kf1 70. Qa2 Kg1 71. Qcb2 Kf1 72.
Qh8 Ke1 73. Qha1# 1-0